 Dungeon Crawl Stone Soup version 0.27.1-2-g3b301248ec (webtiles) character file.

Game seed: 2034803038860771348

307 nxtlvl the Ruffian (level 6, 0/56 (59) HPs)
             Began as a Troll Abyssal Knight on Sept 23, 2021.
             Was a Believer of Lugonu.
             Slain by a wight (15 damage)
             ... in a sewer.
             The game lasted 00:06:49 (860 turns).

nxtlvl the Ruffian (Troll Abyssal Knight)            Turns: 860, Time: 00:06:49

HP:   0/56 (59)     AC:  4    Str: 21    XL:     6   Next: 16%
MP:   6/6           EV: 10    Int:  8    God:    Lugonu [**....]
Gold: 41            SH:  0    Dex: 11    Spells: 5/5 levels left

rFire    . . .     SeeInvis .     - Unarmed
rCold    . . .     Faith    .   (no shield)
rNeg     . . .     Spirit   .   a - +0 robe
rPois    .         Reflect  .   (helmet restricted)
rElec    .         Harm     .   (no cloak)
rCorr    .         Rampage  .   (gloves unavailable)
Will     .....                  (boots unavailable)
Stlth    +.........             (no amulet)
HPRegen  1.18/turn              (no ring)
MPRegen  0.10/turn              (no ring)

@: drained
A: large, unfitting armour, claws 3, regeneration 1, shaggy fur 1, tough skin 1
a: Renounce Religion, Depart the Abyss, Bend Space


You were in a sewer.
You worshipped Lugonu.
Lugonu was pleased with you.
You visited 1 branch of the dungeon, and saw 4 of its levels.
You visited the Abyss 1 time.
You also visited: Sewer.

You collected 41 gold pieces.

Inventory:

Missiles
 e - 7 poisoned darts
Armour
 a - a +0 robe (worn)
Jewellery
 d - a ring of protection from cold
Scrolls
 f - 2 scrolls of immolation {unknown}
 g - a scroll of noise {unknown}
 i - a scroll of identify {unknown}
Potions
 b - a potion of haste {unknown}
 c - a potion of might {unknown}
 h - a potion of lignification {unknown}
 j - a potion of attraction {unknown}


   Skills:
 - Level 2.4 Fighting
 - Level 1.9 Dodging
 + Level 6.6 Unarmed Combat
 - Level 1.5 Invocations


You had 5 spell levels left.
You didn't know any spells.
Your spell library contained the following spells:

 Spells                   Type           Power      Damage    Failure   Level
 Static Discharge         Conj/Air       0%         N/A       54%         2
 Frozen Ramparts          Ice            0%         1d2       78%         3
 Ice Form                 Ice/Tmut       0%         N/A       99%         4
 Summon Ice Beast         Ice/Summ       0%         N/A       99%         4
 Lightning Bolt           Conj/Air       0%         1d11      100%        5
 Summon Mana Viper        Hex/Summ       0%         N/A       100%        5
 Monstrous Menagerie      Summ           0%         N/A       100%        7
 Maxwell's Capacitive Co  Air            0%         ∞         100%        8


Dungeon Overview and Level Annotations

Branches:
Dungeon (4/15)              Sewer (1/1)
 Temple: D:4-7

Altars:
Qazlal
Trog


Innate Abilities, Weirdness & Mutations

You are too large for most types of armour.
You have claws for hands.
Your natural rate of healing is unusually fast.
You are covered in fur. (AC +1)
You have tough skin. (AC +1)


Message History

The kobold shouts!
A wight comes into view. It is wielding a +3 morningstar.
Found 28 stones and a scroll labelled YVVA LURYOKHUI.
There is an open gate here.
Found a chain mail.
You completely miss the kobold. The kobold hits you with a +0 club.
The kobold shouts!
You claw the kobold!
You kill the kobold!
Lugonu accepts your kill. The kobold hits you with a +0 whip.
You mangle the kobold!!
You kill the kobold!
Lugonu accepts your kill.
You closely miss the wight. The kobold barely misses you.
The wight hits you with a +3 morningstar!!
You feel drained.
You barely miss the wight. The kobold closely misses you.
The wight hits you with a +3 morningstar!
You closely miss the wight.
The kobold hits you with a +0 short sword.
You barely miss the wight. The wight closely misses you.
The kobold hits you but does no damage.
You closely miss the wight.
The wight hits you with a +3 morningstar.
You scratch the wight.
The wight is moderately damaged.
The kobold hits you but does no damage. The wight barely misses you.
You scratch the wight but do no damage.
The wight is moderately damaged.
The kobold hits you but does no damage.
The wight hits you with a +3 morningstar.
* * * LOW HITPOINT WARNING * * *
You feel drained.
* * * LOW HITPOINT WARNING * * *
You barely miss the wight. Your claw misses the wight.
The wight is moderately damaged.
The kobold hits you but does no damage.
The wight hits you with a +3 morningstar!
You die...

########## ≈≈≈≈≈≈≈≈≈#
##[##
≈≈≈≈≈≈≈≈≈###?.(##
≈≈≈≈≈≈≈≈≈##≈...≈#
##########.###≈...≈#
≈≈≈≈≈≈≈.'.≈≈##≈...≈#
≈≈≈≈≈≈≈.#.≈≈##≈...≈#
≈≈≈≈≈≈..#.≈≈##≈zK)≈#
≈≈≈≈≈≈≈.#.≈≈##≈.@.≈#
≈≈≈≈≈≈..#..≈###'''##
≈≈≈≈≈...#.≈≈##.....##
###≈#.####)###..⌠...#
....).≈≈#.).#.....⌠.+
.)...≈≈≈≈...'.⌠._...+
.)....≈≈#...#.....⌠.+
#≈###.####.###..⌠...#
≈≈≈≈≈...#.≈≈##.....##


You could see a wight and a kobold.

Vanquished Creatures
  A phantom (D:4)
  A wight (Sewer)
  An iguana (D:4)
  6 adders
  2 river rats (D:3)
  A shadow imp (Sewer)
  4 ufetubi (Sewer)
  An adder zombie (Sewer)
  3 worms
  2 dart slugs
  7 ball pythons
  4 endoplasms
  3 giant cockroaches
  A goblin (D:2)
  6 jackals
  11 kobolds (Sewer)
  A quokka (D:3)
  A bat (D:1)
  A kobold zombie (Sewer)
57 creatures vanquished.

Notes
Turn   | Place    | Note
-------+----------+-------------------------------------------
     0 | Abyss:1  | nxtlvl the Troll Abyssal Knight began the quest for the
                  | Orb.
     0 | Abyss:1  | Reached XP level 1. HP: 22/22 MP: 1/1
    12 | D:1      | Escaped the Abyss
    77 | D:1      | Found a faded altar of an unknown god.
    98 | D:2      | Found a bloodstained altar of Trog.
   106 | D:2      | Reached XP level 2. HP: 23/29 MP: 2/2
   142 | D:2      | Reached skill level 3 in Unarmed Combat
   210 | D:2      | Reached XP level 3. HP: 36/36 MP: 3/3
   452 | D:4      | Reached skill level 4 in Unarmed Combat
   457 | D:4      | Found a stormy altar of Qazlal.
   459 | D:4      | Noticed a phantom
   476 | D:4      | Killed a phantom
   476 | D:4      | Reached ** piety under Lugonu
   477 | D:4      | Reached skill level 5 in Unarmed Combat
   477 | D:4      | Reached XP level 4. HP: 6/44 MP: 4/4
   491 | D:4      | Reached XP level 5. HP: 20/50 MP: 5/5
   688 | D:3      | Found a glowing drain.
   710 | Sewer    | Entered a sewer
   713 | Sewer    | Reached skill level 6 in Unarmed Combat
   809 | Sewer    | Found an ancient bone altar of Kikubaaqudgha.
   828 | Sewer    | Reached XP level 6. HP: 38/58 MP: 6/6
   860 | Sewer    | Slain by a wight

Illustrated notes

Levels and vault maps discovered:
D:1:      saegor_arrival_under_anarchy, layout_rooms,
          ebering_ecumenical_altar_mist, serial_shops, shop
D:2:      layout_loops_ring, basic_altar
D:3:      layout_basic, mainiacjoe_overflow_24_doors, gup_sewer_entry_bubbles,
          grunt_decor_clamped, minmay_misc_feat_square
D:4:      layout_gridville, nicolae_qazlal_scattered_showers,
          okawaru_ov_weapons_minmay
Sewer:    kennysheep_sewer_church

Skill      XL: |  1  2  3  4  5 |
---------------+----------------+-----
Unarmed Combat | 3 5 6 |  6.6
Fighting       | |  2.4
Dodging        | |  1.9
Invocations    | |  1.5

Action                   |  1- 3 |  4- 6 || total
-------------------------+-------+-------++-------
Melee: Unarmed           |    78 |   107 ||   185
       Punch             |       |     3 ||     3
Armor: Robe              |    36 |    25 ||    61
Dodge: Dodged            |    48 |    51 ||    99
